 Dungeon Crawl Stone Soup version 0.27.0-1-g7a089689b8 (webtiles) character file.

Game seed: 6650942751225790530

161 thirtiethelement the Slasher (level 5, 0/41 HPs)
             Began as a Demonspawn Abyssal Knight on Aug 13, 2021.
             Was a Believer of Lugonu.
             Slain by an orc (6 damage)
             ... on level 3 of the Dungeon.
             The game lasted 00:04:32 (2597 turns).

thirtiethelement the Slasher (DsAK)                 Turns: 2597, Time: 00:04:33

Health: 0/41       AC: 12    Str: 13    XL:     5   Next: 18%
Magic:  7/7        EV: 10    Int: 14    God:    Lugonu [**....]
Gold:   85         SH:  3    Dex: 12    Spells: 4/4 levels left

rFire    . . .     SeeInvis .   a - +1 falchion
rCold    . . .     Faith    .   s - +0 buckler
rNeg     . . .     Spirit   .   b - +0 leather armour
rPois    .         Reflect  .   o - +2 helmet
rElec    .         Harm     .   (no cloak)
rCorr    .         Rampage  .   k - +0 pair of gloves
Will     .....                  c - +2 pair of boots
Stlth    +.........             (no amulet)
HPRegen  0.13/turn              (no ring)
MPRegen  0.10/turn              (no ring)

@: no status effects
A: slimy green scales 1, demonic magic 2
a: Renounce Religion, Depart the Abyss, Bend Space


You were on level 3 of the Dungeon.
You worshipped Lugonu.
Lugonu was pleased with you.
You visited 1 branch of the dungeon, and saw 3 of its levels.
You visited the Abyss 1 time.

You collected 85 gold pieces.

Inventory:

Hand Weapons
 a - a +1 falchion (weapon)
Missiles
 g - 7 boomerangs (quivered)
Armour
 b - a +0 leather armour (worn)
 c - a +2 pair of boots (worn)
 k - a +0 pair of gloves (worn)
 o - a +2 helmet (worn)
 s - a +0 buckler (worn)
Magical Staves
 r - a staff of conjuration
Jewellery
 e - an amulet of faith
Scrolls
 d - 5 scrolls of identify {unknown}
 j - a scroll of torment {unknown}
 p - a scroll of blinking {unknown}
 q - a scroll of holy word {unknown}
Potions
 f - a potion of attraction {unknown}
 h - 2 potions of curing
 i - 3 potions of resistance {unknown}
 l - a potion of flight {unknown}
 m - a potion of lignification {unknown}
 n - a potion of invisibility {unknown}


   Skills:
 + Level 3.5 Fighting
 + Level 3.9 Long Blades
 + Level 2.6 Armour
 + Level 1.1 Dodging
 + Level 0.1 Shields
 + Level 2.8 Invocations


You had 4 spell levels left.
You didn't know any spells.
Your spell library contained the following spells:

 Spells                   Type           Power      Damage    Failure   Level
 Portal Projectile        Hex/Tloc       0%         N/A       87%         3
 Blade Hands              Tmut           0%         N/A       100%        5
 Excruciating Wounds      Necr           0%         N/A       100%        5


Dungeon Overview and Level Annotations

Branches:
Dungeon (3/15)

Altars:


Innate Abilities, Weirdness & Mutations

You are partially covered in slimy green scales. (AC +2)
Spells you cast may paralyse nearby enemies.


Message History

Something hits you but does no damage.
You miss something. Something hits you but does no damage.
You miss something. Something hits you but does no damage.
You closely miss something. Something hits you but does no damage.
You barely miss something.
You hear some strange, mumbled words.
A magic dart appears from out of thin air!
The magic dart hits you!
* * * LOW HITPOINT WARNING * * *
You barely miss something.
You hear some strange, mumbled words.
Something tries to affect you, but you resist.
You closely miss something.
Something hits you but does no damage. x2
You miss something. Something hits you but does no damage.
You miss something. Something hits you but does no damage.
You hit something. Something hits you but does no damage.
You miss something. Something hits you but does no damage.
You completely miss something.
Something hits you but does no damage. x2
You hit something. Lugonu accepts your kill.
Reactivating autopickup.
You feel a bit more experienced.
You have reached level 5!
Your demonic ancestry asserts itself...
Your magic grows more menacing.
You closely miss the orc. The orc hits you with a +0 whip.
* * * LOW HITPOINT WARNING * * *
You slash the orc!
You kill the orc!
Lugonu accepts your kill.
You hit the orc.
The orc is heavily wounded.
You block the orc's attack.
You barely miss the orc.
The orc is heavily wounded.
The orc closely misses you.
You hit the orc.
The orc is heavily wounded.
The orc hits you but does no damage. The orc hits you with a +0 mace.
You die...

>.............
..####..#####.
#..# #..######
#........
##)###### #
#.#
###.#######
#.#
#....@og..#
#.#
#######.#.#
#.# #.#)# #.#
#.#g# #.# #
#.#.# ....
####.#.#####
####
............#
#
#####.#.###g#
#.#.# #.#


You could see an orc and a hobgoblin.

Vanquished Creatures
  Ijyb (D:3)
  An orc wizard (D:3)
  3 adders
  4 worms
  A dart slug (D:2)
  2 orcs (D:3)
  6 endoplasms
  A giant cockroach (D:2)
  3 goblins
  7 hobgoblins
  6 jackals
  4 kobolds
  6 quokkas
  7 ball pythons
  8 bats
  5 frilled lizards
  3 rats
  A spectral kobold (D:1)
69 creatures vanquished.

Notes
Turn   | Place    | Note
-------+----------+-------------------------------------------
     0 | Abyss:1  | thirtiethelement the Demonspawn Abyssal Knight began the
                  | quest for the Orb.
     0 | Abyss:1  | Reached XP level 1. HP: 18/18 MP: 2/2
    21 | Abyss:2  | Noticed an earth elemental
    31 | Abyss:2  | Noticed a small abomination
    36 | Abyss:2  | Noticed a raiju
    36 | Abyss:2  | Noticed a raiju
    36 | Abyss:2  | Noticed a raiju
    41 | Abyss:2  | Noticed an ancient zyme
    41 | D:1      | Escaped the Abyss
   143 | D:1      | Reached * piety under Lugonu
   275 | D:1      | Gained mutation: You are partially covered in slimy green
                  | scales. (AC +2) [demonic ancestry]
   275 | D:1      | Reached XP level 2. HP: 21/24 MP: 4/4
   325 | D:1      | Found a faded altar of an unknown god.
   869 | D:1      | Reached XP level 3. HP: 25/29 MP: 5/5
  1315 | D:1      | Reached skill level 1 in Dodging
  1365 | D:1      | Reached ** piety under Lugonu
  1981 | D:2      | Gained mutation: Spells you cast may paralyse adjacent
                  | enemies. [demonic ancestry]
  1981 | D:2      | Reached XP level 4. HP: 35/35 MP: 6/6
  2499 | D:3      | Noticed Ijyb
  2531 | D:3      | Killed Ijyb
  2593 | D:3      | Gained mutation: Spells you cast may paralyse nearby
                  | enemies. [demonic ancestry]
  2593 | D:3      | Reached XP level 5. HP: 8/41 MP: 7/7
  2597 | D:3      | Slain by an orc

Illustrated notes

Levels and vault maps discovered:
D:1:      scummos_arrival_simple_crosswalls, layout_loops_corners,
          dreamdust_ecumenical_altar_drowned_temple, minmay_close_crescents
D:2:      minmay_spotlight, layout_rooms
D:3:      layout_loops_ring, kennysheep_generic_room_3, uniq_ijyb

Skill      XL: |  1  2  3 |
---------------+----------+-----
Long Blades    | 2 3 |  3.9
Dodging        | 1 |  1.1
Armour         | 2 |  2.6
Fighting       | |  3.5
Shields        | |  0.1
Invocations    | |  2.8

Action                   |  1- 3 |  4- 6 || total
-------------------------+-------+-------++-------
Melee: Falchion          |   130 |   121 ||   251
Invok: Depart the Abyss  |     1 |       ||     1
  Use: Potion            |       |     1 ||     1
Armor: Leather armour    |    69 |    62 ||   131
Dodge: Dodged            |   120 |    50 ||   170
Block: Buckler           |       |     8 ||     8
       Rpst.: Falchion   |    37 |    18 ||    55
